 Dungeon Crawl Stone Soup version 0.26-a0-50-gc4d14cd (webtiles) character file.

Game seed: 6555125062679557357

29 silenth the Chucker (level 3, 31/31 HPs)
             Began as a Minotaur Hunter on June 5, 2020.
             Quit the game on level 1 of the Dungeon.
             The game lasted 00:01:08 (771 turns).

silenth the Chucker (Minotaur Hunter)                Turns: 771, Time: 00:01:08

Health: 31/31      AC:  3    Str: 17    XL:     3   Next: 1%
Magic:  2/2        EV: 12    Int:  8    God:
Gold:   44         SH:  0    Dex: 10    Spells: 2/2 levels left

rFire    . . .     SeeInvis .   a - +0 short sword
rCold    . . .     Gourm    .   (no shield)
rNeg     . . .     Faith    .   b - +0 leather armour
rPois    .         Spirit   .   (helmet restricted)
rElec    .         Reflect  .   (no cloak)
rCorr    .         Harm     .   (no gloves)
MR       .....                  (no boots)
Stlth    +.........             (no amulet)
HPRegen  0.10/turn              (no ring)
MPRegen  0.08/turn              (no ring)

@: no status effects
A: retaliatory headbutt, horns 2
a: no special abilities


You were on level 1 of the Dungeon.
You were not hungry.

You visited 1 branch of the dungeon, and saw 1 of its levels.

You collected 44 gold pieces.

Inventory:

Hand Weapons
 a - a +0 short sword (weapon)
Missiles
 c - 13 javelins (quivered)
 d - 2 throwing nets
Armour
 b - a +0 leather armour (worn)
Scrolls
 i - a scroll of identify {unknown}
 j - a scroll of enchant weapon {unknown}
 k - a scroll of remove curse {unknown}
Potions
 f - 2 potions of degeneration {unknown}
 g - a potion of curing {unknown}
 h - a potion of brilliance {unknown}
Comestibles
 e - 2 rations


   Skills:
 + Level 3.1 Fighting
 * Level 4.7 Throwing
 - Level 2.1 Dodging
 - Level 0.7 Stealth


You had 2 spell levels left.
You didn't know any spells.
Your spell library was empty.

Dungeon Overview and Level Annotations

Branches:
Dungeon (1/15)

Altars:


Innate Abilities, Weirdness & Mutations

You reflexively headbutt those who attack you in melee.
You have a pair of horns on your head.


Message History

You hit the kobold.
You kill the kobold!
The kobold barely misses you. You furiously retaliate!
You headbutt the kobold.
You kill the kobold!
The leopard gecko bites you.
Things that are here:
a +0 dagger; a kobold corpse You hit the leopard gecko.
You kill the leopard gecko!
You have reached level 3!
Your experience leads to an increase in your attributes!
Increase (S)trength, (I)ntelligence, or (D)exterity?
You feel stronger.
Found 18 stones.
Found a helmet.
k - a scroll labeled COPRAO PEGEUGINLI
Found a stone staircase leading down.
No target in view!
You see here a helmet.
Are you sure you want to abandon this character and quit the game? (Confirm with "yes".)

#.#... #.# ### #.
#.#.#.####.# #(
#..........# ##
#..........#
#..........##############
#........(........†......
#..........###....)...##.
#.........## #.######.##.
#.......@.# #.# #.##.
#.........# #.# #.##.
#.........# #.# #.##.
#####...... ..# #....
######## ### #####


There were no monsters in sight!

Vanquished Creatures
  A dart slug (D:1)
  2 leopard geckos (D:1)
  A bat (D:1)
  A giant cockroach (D:1)
  5 goblins (D:1)
  3 hobgoblins (D:1)
  5 kobolds (D:1)
  2 frilled lizards (D:1)
  4 rats (D:1)
24 creatures vanquished.

Notes
Turn   | Place    | Note
-------+----------+-------------------------------------------
     0 | D:1      | silenth the Minotaur Hunter began the quest for the Orb.
     0 | D:1      | Reached XP level 1. HP: 18/18 MP: 0/0
   120 | D:1      | Reached XP level 2. HP: 24/25 MP: 1/1
   434 | D:1      | Reached skill level 3 in Fighting
   689 | D:1      | Reached XP level 3. HP: 24/31 MP: 2/2
   771 | D:1      | Quit the game

Illustrated notes

Levels and vault maps discovered:
D:1:      kennysheep_arrival_seaside, layout_loops_ring

Skill      XL: |  1  2 |
---------------+-------+-----
Fighting       | 3 |  3.1
Throwing       | |  4.7
Dodging        | |  2.1
Stealth        | |  0.7

Action                   || total
-------------------------++-------
Melee: Short sword       ||    50
       Headbutt          ||     5
Armor: Leather armour    ||     8
Dodge: Dodged            ||    28

Table legend:
 A = Non-vault XP
 B = Vault XP
 C = Vault XP percentage of total XP
 D = Non-vault monster count
 E = Vault monster count
 F = Vault count percentage of total count
                 A         B        C        D         E       F
            +---------+---------+-------+---------+---------+-------
      Total |      42 |       0 |   0.0 |      24 |       0 |   0.0
            +---------+---------+-------+---------+---------+-------
        D:1 |      42 |       0 |   0.0 |      24 |       0 |   0.0
            +---------+---------+-------+---------+---------+-------
